 Dungeon Crawl Stone Soup version 0.27.1 (webtiles) character file.

Game seed: 3799449535391972295

26 ZARRMARR the Skirmisher (level 2, -3/26 HPs)
             Began as a Palentonga Fighter on Aug 29, 2021.
             Slain by a gnoll (11 damage)
             ... on level 2 of the Dungeon.
             The game lasted 00:03:47 (1409 turns).

ZARRMARR the Skirmisher (Palentonga Fighter)        Turns: 1409, Time: 00:03:47

Health: -3/26      AC:  6    Str: 19    XL:     2   Next: 89%
Magic:  2/2        EV:  5    Int:  8    God:
Gold:   76         SH:  8    Dex:  9    Spells: 1/1 levels left

rFire    . . .     SeeInvis +   a - +0 flail
rCold    . . .     Faith    .   c - +0 kite shield
rNeg     . . .     Spirit   .   b - +0 scale mail
rPois    .         Reflect  .   (no helmet)
rElec    .         Harm     .   (no cloak)
rCorr    .         Rampage  .   (no gloves)
Will     .....                  (no barding)
Stlth    ..........             (no amulet)
HPRegen  0.08/turn              (no ring)
MPRegen  0.08/turn              (no ring)

@: no status effects
A: large, rugged brown scales 3, see invisible, deformed body, roll 1, armoured
tail
a: Rolling Charge


You were on level 2 of the Dungeon.
You visited 1 branch of the dungeon, and saw 2 of its levels.

You collected 76 gold pieces.

Inventory:

Hand Weapons
 a - a +0 flail (weapon)
Missiles
 f - 19 poisoned darts
 j - 6 boomerangs (quivered)
Armour
 b - a +0 scale mail (worn)
 c - a +0 kite shield (worn)
Jewellery
 g - an amulet of magic regeneration
Scrolls
 h - 2 scrolls of identify {unknown}
 i - a scroll of enchant armour {unknown}
Potions
 d - a potion of might
 e - 2 potions of cancellation {unknown}
 k - a potion of lignification {unknown}


   Skills:
 + Level 3.7 Fighting
 - Level 2.0 Maces & Flails
 - Level 2.4 Armour
 + Level 2.9 Shields


You had one spell level left.
You didn't know any spells.
Your spell library was empty.

Dungeon Overview and Level Annotations

Branches:
Dungeon (2/15)

Altars:


Innate Abilities, Weirdness & Mutations

You are completely covered in rugged brown scales. (AC +3, +7% HP)
You have supernaturally acute eyesight. (SInv)
Armour fits poorly on your strangely shaped body.
You can roll at nearby foes to attack.
You have a long armoured tail.


Message History

A gnoll is nearby!
The gnoll shouts!
A gnoll comes into view. It is wielding a +0 halberd.
Roll where?
Press: ? - help, Dir - move target, f - gnoll
Aim: a gnoll, wielding a +0 spear You roll forward with a clatter of scales!
A gnoll comes into view. It is wielding a +0 club.
The gnoll shouts!
You hit the gnoll.
The gnoll is moderately wounded.
You block the gnoll's attack. The gnoll hits you with a +0 spear.
Your shield prevents you from hitting the gnoll.
The gnoll is moderately wounded.
The gnoll hits you with a +0 spear!
You closely miss the gnoll.
The gnoll is moderately wounded.
The gnoll closely misses you. You block the gnoll's attack.
You block the gnoll's attack.
There is a stone staircase leading up here.
You climb upwards.
There is a stone staircase leading down here.
You start resting.
HP restored.
You climb downwards.
You block the gnoll's attack.
There is a stone staircase leading up here.
Roll where?
Press: ? - help, Dir - move target, f - gnoll
Aim: a gnoll, wielding a +0 halberd You roll forward with a clatter of scales!
You barely miss the gnoll. The gnoll hits you with a +0 halberd.
The gnoll hits you but does no damage. You block the gnoll's attack.
Unknown command.
You barely miss the gnoll. The gnoll hits you with a +0 halberd.
The gnoll hits you but does no damage.
You thump the gnoll!
The gnoll is severely wounded.
The gnoll hits you with a +0 halberd! The gnoll hits you but does no damage.
The gnoll hits you with a +0 halberd!
You die...

##########
#........#
###.######.#
#....°# #.#
#.#.#@# #.#
.....#g# ##.##
###.###g# #...#
#> #g# #...# #
.g# #...#
...####.###
....##.....##
.....##.#....#
#.....##.#..#.#


You could see 4 gnolls.

Vanquished Creatures
  A dart slug (D:1)
  3 endoplasms
  A giant cockroach (D:1)
  2 hobgoblins
  4 jackals (D:1)
  A kobold (D:2)
  A quokka (D:1)
  2 ball pythons (D:1)
  4 bats
  A rat (D:2)
20 creatures vanquished.

Notes
Turn   | Place    | Note
-------+----------+-------------------------------------------
     0 | D:1      | ZARRMARR the Palentonga Fighter began the quest for the
                  | Orb.
     0 | D:1      | Reached XP level 1. HP: 19/19 MP: 1/1
   328 | D:1      | Reached XP level 2. HP: 21/25 MP: 2/2
  1409 | D:2      | Slain by a gnoll

Illustrated notes

Levels and vault maps discovered:
D:1:      lightli_arrival_statue_moat, layout_basic
D:2:      layout_loops_cross, basic_altar,
          hellmonk_ecumenical_altar_watching_god

Action                   || total
-------------------------++-------
Melee: Flail             ||    66
       Tailslap          ||     5
Throw: Boomerang         ||    15
 Abil: Rolling Charge    ||     7
Armor: Scale mail        ||    44
Dodge: Dodged            ||    12
Block: Kite shield       ||    39
